cohdb
Replays
Latest Replays
All Replays
Popular Replays
Top Player Replays
Match Explorer
How It Works
Community
CoH3 Stats
Reddit
Sign in to upload your games and track your stats! →
Sign in with Steam
Match 46890319
Unlisted
Match 46890319
Overview
Messages
Build Orders
End
Kettenkrad Recon Vehicle
Construct Infanterie Kompanie
Grenadier Squad
Grenadier Squad
Grenadier Squad
Construct Luftwaffe Kompanie
221 Scout Car
Jäger Squad
Luftwaffe Officer Quarters
Medical Station
Jäger Squad
Construct Panzer Kompanie
Selects Mechanized Battlegroup
Selects Spotting Scopes
Selects Wespe Self-propelled Artillery
Selects Zeroing Artillery Barrage
Wespe Self-propelled Artillery
Wespe Self-propelled Artillery
Selects Raid Package
Selects 8 Rad Armored Car
Selects UNKNOWN (2160084)
Panzer IV Medium Tank
Panzer IV Medium Tank
Panzer IV Medium Tank
Side Skirts
Panzer Officer Quarters
Zeroing Artillery Barrage
Pioneer Squad
Zeroing Artillery Barrage
v4mp - HTB -
YourMom'sPiesSoHotRightNow
Boneless
drinu019
0
0
Comments
sign in to comment!
No comments posted yet!